 Dungeon Crawl Stone Soup version 0.24.0-1-gfbc8707122 (webtiles) character file.

Game seed: 4733365111454984803, levelgen mode: deterministic

26093 Lanoc the Blocker (level 12, -4/76 HPs)
             Began as a Demonspawn Chaos Knight on Oct 28, 2019.
             Was a Plaything of Xom.
             Slain by an orc knight
             ... wielding a +2 dire flail
              (5 damage)
             ... on level 2 of the Orcish Mines on Oct 29, 2019.
             The game lasted 00:35:40 (13781 turns).

Lanoc the Blocker (Demonspawn Chaos Knight)        Turns: 13781, Time: 00:35:41

Health: -4/76      AC: 12    Str: 19    XL:     12   Next: 95%
Magic:  12/12      EV: 16    Int: 16    God:    Xom [...*..]
Gold:   1521       SH: 13    Dex: 17    Spells: 11/11 levels left

rFire    + . .     SeeInvis .     - Unarmed
rCold    . . .     Gourm    .   i - +0 shield
rNeg     . . .     Faith    .   I - +3 scale mail of Ustrano {+Fly rElec rPois rF+}
rPois    +         Spirit   .   (helmet restricted)
rElec    +         Reflect  .   (no cloak)
rCorr    .         Harm     .   (gloves unavailable)
MR       .....                  r - +0 pair of boots {Fly}
Stlth    +.........             q - amulet of magic regeneration
HPRegen  0.22/turn              H - +3 ring of dexterity
MPRegen  0.38/turn              J - +2 ring of evasion

@: mighty, silence (expiring), flying, studying 2 skills
A: claws 3, horns 2, talons 1, slimy green scales 2, clever 1, clumsy 1,
deformed body, frail 2, nightstalker 2, screaming 1, spiny 2
a: Renounce Religion, Stop Flying


You were on level 2 of the Orcish Mines.
You worshipped Xom.
You were a favourite toy of Xom.
You were not hungry.

You visited 3 branches of the dungeon, and saw 16 of its levels.

You collected 2107 gold pieces.
You spent 586 gold pieces at shops.

Inventory:

Hand Weapons
 a - a +0 falchion of chaos
 G - a +4 scimitar of flaming
Missiles
 y - 5 atropa-tipped darts (quivered)
Armour
 i - a +0 shield (worn)
 r - a +0 pair of boots of flying (worn)
 x - a +1 helmet
 I - the +3 scale mail of Ustrano (worn) {+Fly rElec rPois rF+}
   (You found it on level 8 of the Dungeon)

   It protects you from fire.
   It insulates you from electricity.
   It protects you from poison.
   It lets you fly.
 K - a +2 plate armour of magic resistance
Jewellery
 b - an uncursed ring of positive energy
 q - an amulet of magic regeneration (around neck)
 H - a +3 ring of dexterity (left claw)
 J - a +2 ring of evasion (right claw)
Wands
 w - a wand of disintegration (20)
 D - a wand of iceblast (5)
 L - a wand of polymorph (7)
Scrolls
 d - 4 scrolls of teleportation
 e - a scroll of summoning {unknown}
 f - 9 scrolls of remove curse
 j - 3 scrolls of fog {unknown}
 l - 6 scrolls of enchant armour
 m - 16 scrolls of identify
 n - 4 scrolls of immolation
 o - 4 scrolls of magic mapping
 p - 3 scrolls of amnesia
 u - a scroll of blinking
 v - 3 scrolls of fear
 C - a scroll of enchant weapon
Potions
 g - 2 potions of curing
 k - a potion of flight
Books
 t - a manual of Shields
 z - a manual of Charms
Comestibles
 c - 29 rations
 h - a chunk of flesh


   Skills:
 + Level 9.3 Fighting
 - Level 3.0 Long Blades
 + Level 8.3 Armour
 + Level 8.1 Dodging
 * Level 12.1 Shields
 * Level 11.2 Unarmed Combat


You had 11 spell levels left.
You didn't know any spells.
Your spell library contained the following spells:

 Spells                   Type           Power        Failure   Level  Hunger
 Flame Tongue             Conj/Fire      #....        67%         1    ##.....
 Throw Flame              Conj/Fire      #.....       82%         2    ###....
 Conjure Flame            Conj/Fire      #.......     96%         3    ####...
 Inner Flame              Hex/Fire       #.......     96%         3    ####...
 Sticky Flame             Conj/Fire      #.......     100%        4    #####..
 Fireball                 Conj/Fire      #.........   100%        5    ######.


Dungeon Overview and Level Annotations

Branches:
Dungeon (13/15)            Temple (1/1) D:7            Lair (0/6) D:11
    Orc (2/2) D:9             Elf (0/3) Orc:2
 Vaults: D:13-14

Altars:
Cheibriados
Dithmenos
Makhleb
Ru
Sif Muna
Wu Jian
Xom
Zin

Shops:
D:5 %   D:7 ?   D:10 ?

Annotations:
Orc:1 2 transporters, ggurman's ghost, journeyman MiFi


Innate Abilities, Weirdness & Mutations

You have claws for hands.
You are mostly covered in slimy green scales. (AC +3)
You are significantly more attuned to the shadows.
You are mostly covered in sharp spines.
You have a pair of horns on your head.
You have sharp toenails.
Your mind is acute. (Int +2)
You are clumsy. (Dex -2)
Armour fits poorly on your strangely shaped body.
You are very frail. (-20% HP)
You occasionally shout uncontrollably at your foes.


Message History

The orc knight hits you with a +2 dire flail!
* * * LOW HITPOINT WARNING * * *
You block the orc sorcerer's attack.
The orc priest looks braver for a moment.
Unknown command.
You claw the orc sorcerer!
You kill the orc sorcerer!
Your shadow imp hits the orc warrior but does no damage.
You block the orc warrior's attack. You block the orc knight's attack.
Unknown command.
You closely miss the orc warrior.
The orc warrior is almost dead.
The orc priest calls down the wrath of Beogh upon you.
Beogh smites you!
* * * LOW HITPOINT WARNING * * *
Xom roars with laughter!
Your shadow imp misses the orc warrior.
You block the orc warrior's attack.
The orc knight hits you with a +2 dire flail.
You die...
Xom thinks this is hilarious!

............##...oo #......
#.....[....##.....o #.....#
#.....))...#...o. ##......
.#........##...# #.......
#.........#..(# ####.......
...#...#..#...## ####..........
..........#....### #.............
..#.......##...oo#####.[.........
...........##..)@o..[............
............##..)5............#..
....##.......###.................
...............##................
######.........[.[...............
##.......)).................
##..........[...^......#...
#.........................
##.........................


You could see an orc knight, an orc warrior, an orc priest and a friendly shadow
imp.

Vanquished Creatures
  Erolcha (Orc:1)
  4 two-headed ogres
  An orc high priest (Orc:2)
  Urug (Orc:1)
  An unseen horror (D:10)
  Pikel (D:6)
  3 orc sorcerers
  3 cyclopes (D:13)
  2 orc knights
  4 ugly things
  A guardian serpent (shapeshifter) (D:8)
  A salamander (D:11)
  A gargoyle (D:10)
  An efreet (D:8)
  2 trolls
  A hippogriff (D:10)
  A spriggan (D:8)
  Sigmund (D:3)
  21 yaks
  A wyvern (D:12)
  4 basilisks
  A human (D:9)
  A hungry ghost (D:9)
  5 wargs
  An acid dragon (D:12)
  4 porcupines (D:11)
  3 ice beasts
  2 black bears (D:6)
  3 phantoms
  11 orc warriors
  4 sky beasts
  2 necrophages
  14 centaurs
  9 ogres
  A crocodile (D:11)
  4 big kobolds
  10 bullfrogs
  2 scorpions
  14 killer bees
  4 howler monkeys (D:8)
  4 crimson imps
  A centaur zombie (D:9)
  A jelly (D:8)
  5 bullfrog zombies
  14 hounds
  14 orc priests
  3 centaur skeletons
  A bullfrog skeleton (D:12)
  6 iguanas
  9 worker ants
  15 orc wizards
  A hound zombie (D:5)
  3 worker ant zombies
  9 gnolls (D:8)
  17 adders
  A shadow imp (D:5)
  2 oozes
  3 adder skeletons
  2 worms (D:2)
  3 dart slugs
  5 leopard geckos
  59 orcs
  A ball python (D:4)
  8 giant cockroaches
  10 goblins
  6 hobgoblins
  13 jackals
  5 quokkas
  13 bats
  8 frilled lizards
  24 kobolds
  3 quokka skeletons
  A quokka zombie (D:5)
  13 rats
434 creatures vanquished.

Vanquished Creatures (collateral kills)
  A two-headed ogre (D:11)
  An orc warrior (D:11)
  2 ogres
  A centaur (D:11)
  An orc wizard (D:11)
  A shadow imp (D:11)
  2 orcs (D:11)
9 creatures vanquished.

Vanquished Creatures (others)
  4 centaurs (D:12)
  A bullfrog zombie (D:6)
  A hound (D:6)
  An orc priest (Orc:2)
  An orc wizard (D:2)
  An adder (D:6)
  A fungus (D:11)
10 creatures vanquished.

Grand Total: 453 creatures vanquished

Notes
Turn   | Place    | Note
-------+----------+-------------------------------------------
     0 | D:1      | Lanoc the Demonspawn Chaos Knight began the quest for the
                  | Orb.
     0 | D:1      | Reached XP level 1. HP: 18/18 MP: 1/1
   109 | D:1      | Reached skill level 1 in Dodging
   272 | D:1      | XOM: harmless Conj miscast
   274 | D:1      | Gained mutation: You have sharp fingernails. [demonic
                  | ancestry]
   274 | D:1      | Reached XP level 2. HP: 19/24 MP: 2/2
   378 | D:1      | XOM: harmless Chrm miscast
   385 | D:1      | Gained mutation: You have very sharp fingernails. [demonic
                  | ancestry]
   385 | D:1      | Reached XP level 3. HP: 14/29 MP: 3/3
   859 | D:1      | XOM: harmless Tmut miscast
   896 | D:2      | Found a sacrificial altar of Ru.
   933 | D:2      | XOM: mild Air miscast
  1024 | D:2      | XOM: enchant monster (good)
  1033 | D:2      | XOM: silly message
  1038 | D:2      | XOM: smoke on damage
  1162 | D:2      | Reached skill level 1 in Unarmed Combat
  1162 | D:2      | Gained mutation: You are partially covered in slimy green
                  | scales. (AC +2) [demonic ancestry]
  1162 | D:2      | Reached XP level 4. HP: 17/35 MP: 4/4
  1333 | D:2      | XOM: confusion (+ monsters)
  1349 | D:2      | HP: 1/35 [something/puff of flame (10)]
  1364 | D:2      | Reached skill level 1 in Shields
  1402 | D:2      | XOM: cloud trail
  1739 | D:2      | Found a shimmering blue altar of Sif Muna.
  1927 | D:3      | Noticed Sigmund
  1980 | D:3      | XOM: smoke on damage
  2158 | D:3      | Killed Sigmund
  2158 | D:3      | Gained mutation: You are partially covered in sharp spines.
                  | [demonic ancestry]
  2158 | D:3      | Reached XP level 5. HP: 42/42 MP: 5/5
  2158 | D:3      | Reached XP level 6. HP: 48/48 MP: 6/6
  2274 | D:3      | XOM: mild Pois miscast
  2671 | D:4      | XOM: divination: detect items
  2828 | D:4      | XOM: destruction
  2832 | D:4      | Reached skill level 2 in Shields
  2985 | D:4      | Gained mutation: You are mostly covered in slimy green
                  | scales. (AC +3) [demonic ancestry]
  2985 | D:4      | Reached XP level 7. HP: 38/55 MP: 7/7
  3155 | D:4      | XOM: harmless Erth miscast
  3342 | D:4      | XOM: god gift: 32 gold pieces
  3348 | D:4      | XOM: mild Summ miscast
  3349 | D:4      | Noticed a spatial vortex
  3419 | D:5      | Entered Level 5 of the Dungeon
  3442 | D:5      | XOM: mild Tloc miscast
  3586 | D:5      | XOM: mild Chrm miscast
  3631 | D:5      | XOM: summons 2 friendly demons
  3657 | D:5      | XOM: harmless Erth miscast
  3763 | D:5      | XOM: 1-stop teleportation journey
  4026 | D:5      | Found a burning altar of Makhleb.
  4034 | D:5      | Reached skill level 3 in Shields
  4034 | D:5      | Gained mutation: You have claws for hands. [demonic
                  | ancestry]
  4034 | D:5      | Reached XP level 8. HP: 61/61 MP: 8/8
  4107 | D:5      | Reached skill level 5 in Fighting
  4123 | D:5      | Found Luck's Food Shoppe.
  4220 | D:5      | XOM: noise
  4656 | D:6      | Noticed Pikel
  4663 | D:6      | XOM: chaos cloud
  4665 | D:6      | Killed Pikel
  4665 | D:6      | Reached skill level 5 in Unarmed Combat
  4684 | D:6      | Found a snail-covered altar of Cheibriados.
  4686 | D:6      | Got a crude leather armour
  4697 | D:6      | Identified the +1 leather armour of Words of Power {Str+4}
                  | (You found it on level 6 of the Dungeon)
  4725 | D:6      | Noticed a glowing shapeshifter
  4725 | D:6      | a freed slave changed into a glowing shapeshifter
  4725 | D:6      | XOM: polymorph freed slave -> glowing shapeshifter
  4725 | D:6      | Noticed a shining eye
  4725 | D:6      | a glowing shapeshifter changed into a shining eye
  4823 | D:6      | Gained mutation: You are mostly covered in sharp spines.
                  | [demonic ancestry]
  4823 | D:6      | Reached XP level 9. HP: 34/69 MP: 9/9
  4853 | D:6      | Reached skill level 4 in Shields
  4973 | D:6      | Found a snail-covered altar of Cheibriados.
  5143 | D:7      | Found a glowing silver altar of Zin.
  5146 | D:7      | Found an ornate altar of the Wu Jian Council.
  5186 | D:7      | XOM: god gift: 31 gold pieces
  5296 | D:7      | Found a staircase to the Ecumenical Temple.
  5303 | Temple   | Entered the Ecumenical Temple
  5333 | D:7      | Reached skill level 5 in Armour
  5410 | D:7      | Found Kujalor's Magic Scroll Shop.
  5421 | D:7      | Bought a scroll of identify for 30 gold pieces
  5421 | D:7      | Bought a scroll of enchant weapon for 112 gold pieces
  5421 | D:7      | Bought a scroll of fear for 52 gold pieces
  5421 | D:7      | Bought a scroll of magic mapping for 52 gold pieces
  5421 | D:7      | Bought a scroll of remove curse for 45 gold pieces
  5445 | D:7      | XOM: scenery: create altars
  5476 | D:7      | XOM: give mutation
  5476 | D:7      | Gained mutation: You have a pair of small horns on your
                  | head. [Xom's grace]
  5695 | D:8      | Noticed an efreet
  5696 | D:8      | XOM: butterfly on damage
  5704 | D:8      | Killed an efreet
  5712 | D:8      | Noticed a two-headed ogre
  5716 | D:8      | XOM: harmless Tmut miscast
  5721 | D:8      | Killed a two-headed ogre
  5721 | D:8      | Reached skill level 5 in Dodging
  5847 | D:8      | XOM: harmless Chrm miscast
  5894 | D:8      | XOM: 3-stop teleportation journey
  5912 | D:8      | Reached skill level 5 in Shields
  5920 | D:8      | Gained mutation: You are slightly more attuned to the
                  | shadows. [demonic ancestry]
  5920 | D:8      | Reached XP level 10. HP: 38/77 MP: 10/10
  5925 | D:8      | XOM: polymorph gnoll sergeant -> shapeshifter
  5938 | D:8      | Noticed a guardian serpent
  5938 | D:8      | a komodo dragon changed into a guardian serpent
  5943 | D:8      | XOM: potion effect (might)
  5947 | D:8      | Killed a guardian serpent
  5957 | D:8      | XOM: divination: magic mapping
  5985 | D:8      | XOM: summons friendly white imp
  6200 | D:8      | XOM: divination: magic mapping
  6320 | D:8      | XOM: noise
  6344 | D:8      | Got a brightly glowing scale mail
  6355 | D:8      | Identified the +3 scale mail of Ustrano {+Fly rElec rPois
                  | rF+} (You found it on level 8 of the Dungeon)
  6786 | D:9      | XOM: noise
  6794 | D:9      | XOM: summons friendly iron imp
  7088 | D:8      | XOM: fog
  7104 | D:8      | Reached skill level 6 in Shields
  7107 | D:8      | XOM: divination: detect items
  7172 | D:8      | XOM: silly message
  7182 | D:9      | XOM: give mutations
  7182 | D:9      | Gained mutation: You occasionally shout uncontrollably at
                  | your foes. [Xom's mischief]
  7182 | D:9      | Gained mutation: You are clumsy. (Dex -2) [Xom's mischief]
  7182 | D:9      | Gained mutation: You are frail. (-10% HP) [Xom's mischief]
  7212 | D:9      | Found a staircase to the Orcish Mines.
  7394 | D:9      | XOM: confuse monster(s)
  7460 | D:9      | XOM: summons friendly smoke demon
  7465 | D:9      | Reached skill level 7 in Shields
  7630 | D:9      | Noticed a brown ugly thing
  7640 | D:9      | XOM: enchant monster (good)
  7647 | D:9      | Killed a brown ugly thing
  7647 | D:9      | Gained mutation: You are significantly more attuned to the
                  | shadows. [demonic ancestry]
  7647 | D:9      | Reached XP level 11. HP: 33/75 MP: 11/11
  7727 | D:10     | Entered Level 10 of the Dungeon
  7770 | D:10     | Killed an unseen horror
  7807 | D:10     | XOM: harmless Ice miscast
  8091 | D:10     | Found Hohy's Magic Scroll Shoppe.
  8096 | D:10     | Bought a scroll of identify for 22 gold pieces
  8096 | D:10     | Bought a scroll of blinking for 82 gold pieces
  8096 | D:10     | Bought a scroll of enchant armour for 82 gold pieces
  8096 | D:10     | Bought a scroll of teleportation for 33 gold pieces
  8096 | D:10     | Bought a scroll of magic mapping for 38 gold pieces
  8096 | D:10     | Bought a scroll of magic mapping for 38 gold pieces
  8098 | D:10     | XOM: 1-stop teleportation journey
  8104 | D:10     | Reached skill level 8 in Shields
  8275 | D:11     | Found a staircase to the Lair.
  8281 | D:11     | XOM: medium Conj miscast
  8314 | D:11     | XOM: polymorph yak -> salamander
  8322 | D:11     | XOM: mild Erth miscast
  8361 | D:11     | XOM: harmless Pois miscast
  8539 | D:11     | XOM: summons 1 hostile demon
  8608 | D:11     | Noticed a cyan ugly thing
  8617 | D:11     | Killed a cyan ugly thing
  8660 | D:11     | XOM: fog
  8664 | D:11     | Reached skill level 9 in Shields
  8677 | D:11     | HP: 4/115 [yak (8)]
  9065 | D:11     | XOM: noise
  9141 | D:11     | Noticed a purple ugly thing
  9148 | D:11     | Killed a purple ugly thing
  9148 | D:11     | XOM: cast spell 'Summon Horrible Things'
  9168 | D:11     | Noticed a two-headed ogre
  9173 | D:11     | Noticed a two-headed ogre
  9174 | D:11     | Killed a two-headed ogre
  9174 | D:11     | Reached skill level 10 in Unarmed Combat
  9179 | D:11     | Killed a two-headed ogre
  9278 | D:11     | XOM: scenery: create altars
  9428 | D:11     | XOM: scenery: create altars
  9465 | D:11     | XOM: scenery: create altars
  9613 | D:12     | Noticed a two-headed ogre
  9618 | D:12     | Killed a two-headed ogre
  9629 | D:12     | Noticed a brown ugly thing
  9817 | D:11     | XOM: medium Tmut miscast
  9822 | D:12     | XOM: destruction
  9835 | D:12     | XOM: noise
  9863 | D:12     | Reached skill level 10 in Shields
  9874 | D:12     | XOM: cast spell 'Dispersal'
 10058 | D:11     | Reached XP level 12. HP: 61/84 MP: 12/12
 10121 | D:11     | XOM: give mutations
 10121 | D:11     | Gained mutation: You are very frail. (-20% HP) [Xom's
                  | mischief]
 10121 | D:11     | Gained mutation: Armour fits poorly on your strangely
                  | shaped body. [Xom's mischief]
 10288 | D:12     | Found a shadowy altar of Dithmenos.
 10354 | D:12     | XOM: enchant monster (good)
 10368 | D:12     | XOM: enchant monster (good)
 10376 | D:12     | XOM: summons 2 friendly demons
 10388 | D:12     | XOM: scenery: create altars
 10394 | D:12     | XOM: scenery: create altars
 10544 | D:12     | XOM: give mutations
 10544 | D:12     | Gained mutation: Your mind is acute. (Int +2) [Xom's grace]
 10544 | D:12     | Gained mutation: You have sharp toenails. [Xom's grace]
 10567 | D:12     | Noticed a two-headed ogre
 10581 | D:12     | XOM: cleaving
 10584 | D:12     | Killed a two-headed ogre
 10955 | D:13     | Noticed a six-headed hydra
 10958 | D:13     | Reached skill level 11 in Shields
 11064 | D:13     | XOM: god gift: 4 rations
 11219 | D:13     | XOM: 1-stop teleportation journey
 11294 | D:13     | XOM: severe Summ miscast
 11298 | D:13     | XOM: summons 6 friendly demons
 11357 | Orc:1    | Entered Level 1 of the Orcish Mines
 11366 | D:9      | XOM: enchant monster (good)
 11506 | Orc:1    | Paralysed by an orc sorcerer for 5 turns
 11518 | Orc:1    | XOM: butterfly on damage
 11758 | Orc:1    | Noticed Urug
 11760 | Orc:1    | XOM: cast spell 'Summon Ice Beast'
 11763 | Orc:1    | XOM: noise
 11773 | Orc:1    | Killed Urug
 11787 | Orc:1    | You are sucked into a shaft and drop 1 floor!
 11787 | Orc:2    | Entered Level 2 of the Orcish Mines
 11902 | Orc:1    | Found a transporter.
 11912 | Orc:1    | Found a transporter.
 11912 | Orc:1    | Identified the cursed +3 double sword of Eniarant {distort,
                  | rElec rC+ Str-5 Dex+4}
 11917 | Orc:1    | Noticed ggurman's ghost (journeyman MiFi)
 11967 | Orc:1    | Noticed Erolcha
 11973 | Orc:1    | Killed Erolcha
 12185 | Orc:1    | Identified the +3 double sword of Surenib {antimagic, rC+
                  | Dex+4}
 12191 | Orc:1    | Noticed a two-headed ogre
 12299 | Orc:2    | XOM: potion effect (agility)
 12533 | Orc:2    | XOM: harmless Tmut miscast
 12536 | Orc:2    | XOM: harmless Fire miscast
 12539 | Orc:2    | XOM: scenery: create altars
 12541 | Orc:2    | XOM: confuse monster(s)
 12688 | Orc:1    | XOM: give mutation
 12688 | Orc:1    | Gained mutation: You have a pair of horns on your head.
                  | [Xom's grace]
 12818 | Orc:2    | XOM: summons friendly smoke demon
 13048 | Orc:2    | Found a staircase to the Elven Halls.
 13048 | Orc:2    | XOM: 3-stop teleportation journey
 13712 | Orc:1    | XOM: harmless Necr miscast
 13759 | Orc:2    | Noticed an orc high priest
 13759 | Orc:2    | Noticed an orc high priest
 13772 | Orc:2    | Killed an orc high priest
 13772 | Orc:2    | Reached skill level 12 in Shields
 13778 | Orc:2    | XOM: summons friendly shadow imp
 13781 | Orc:2    | HP: 1/76 [orc priest/divine providence (15)]
 13781 | Orc:2    | Slain by an orc knight

Levels and vault maps discovered:
D:1:      dpeg_arrival_yet_another_circle, layout_basic
D:2:      layout_basic, lemuel_crystal_altar, lemuel_blue_sif_altar,
          minmay_tromino_v2
D:3:      layout_basic, uniq_sigmund
D:4:      layout_loops_ring
D:5:      layout_gridville, makhleb_heckhound_becter, first_ration,
          serial_shops, shop
D:6:      layout_rooms, old_standard_altar, basic_altar, minmay_manual_mess,
          uniq_pikel
D:7:      layout_cave_pools, gammafunk_temple_overflow_pools, temple_fountains,
          serial_shops, nicolae_shop_stone
D:8:      layout_loops_ring, fountainhead, the_bakery
D:9:      layout_roguey, erik_orc_4, kb_rosetta
D:10:     layout_cave_pools, serial_shops, nicolae_shop_statue_plus
D:11:     layout_rooms, minmay_lair_entry_grove, serial_rivers,
          chequers_serial_rivers_small_3, chequers_serial_rivers_micro_d,
          chequers_serial_rivers_micro_a, chequers_serial_rivers_large_b,
          chequers_serial_rivers_micro_d
D:12:     layout_gridville, nicolae_dithmenos_the_darkroom
D:13:     layout_long_grid
Temple:   eino_temple_scatter_basement
Orc:1:    layout_caves, gammafunk_ghost_wrathful_warriors, uniq_urug,
          uniq_erolcha
Orc:2:    grunt_orc_tribal_feast, layout_caves, nicolae_orc_lava_room

Skill      XL: |  1  2  3  4  5  6  7  8  9 10 11 12 |
---------------+-------------------------------------+-----
Dodging        | 1 2 3 4 5 6 7 8 |  8.1
Long Blades    | 3 |  3.0
Armour         | 2 3 4 5 6 7 8 |  8.3
Unarmed Combat | 1 2 3 4 5 7 8 10 11 | 11.2
Shields        | 1 2 3 5 7 10 12 | 12.1
Fighting       | 4 5 6 7 8 9 |  9.3

Action                   |  1- 3 |  4- 6 |  7- 9 | 10-12 || total
-------------------------+-------+-------+-------+-------++-------
Melee: Falchion          |   128 |    91 |       |       ||   219
       Unarmed           |       |    79 |   293 |   745 ||  1117
       Headbutt          |       |       |    10 |   154 ||   164
  Use: Potion            |       |     6 |     3 |    13 ||    22
       Scroll            |       |     4 |       |     5 ||     9
 Stab: Paralysed         |     1 |       |       |     2 ||     3
       Confused          |     1 |       |       |       ||     1
       Sleeping          |       |     1 |     1 |     3 ||     5
       Petrified         |       |       |       |     1 ||     1
       Distracted        |       |       |       |     1 ||     1
       Invisible         |       |       |       |     7 ||     7
  Eat: Chunk             |     1 |     6 |     9 |    24 ||    40
       Ration            |       |       |       |     1 ||     1
Armor: Leather armour    |    65 |    55 |    68 |     8 ||   196
       Skin              |       |       |     9 |       ||     9
       Scale mail        |       |       |       |   150 ||   150
Dodge: Dodged            |    88 |    52 |   139 |   332 ||   611
Block: Shield            |    29 |    55 |       |   189 ||   273
       Buckler           |       |       |    49 |    88 ||   137
       Rpst.: Falchion   |    23 |     9 |       |       ||    32
